 Dungeon Crawl Stone Soup version 0.28.0-53-g5a82cb258f (webtiles) character file.

Game seed: 7452735540450872006

259 issech the Chopper (level 5, -31/47 HPs)
             Began as a Minotaur Monk on June 17, 2022.
             Killed from afar by an orc priest (32 damage)
             ... with a bolt of acid
             ... on level 4 of the Dungeon.
             The game lasted 00:10:44 (3723 turns).

issech the Chopper (Minotaur Monk)                  Turns: 3723, Time: 00:10:44

Health: -31/47     AC:  0    Str: 16    XL:     5   Next: 94%
Magic:  4/4        EV: 13    Int:  7    God:
Gold:   195        SH:  0    Dex: 14    Spells: 4/4 levels left

rFire   . . .      SeeInvis .   j - +0 morningstar
rCold   . . .      Faith    .   (no shield)
rNeg    . . .      Spirit   .   g - +0 leather armour
rPois   .          Reflect  .   (helmet restricted)
rElec   .          Harm     .   (no cloak)
rCorr   .          Rampage  .   (no gloves)
Will    .....                   (no boots)
Stlth   ++........              (no amulet)
HPRegen 0.15/turn               (no ring)
MPRegen 0.09/turn               (no ring)

@: corroded
A: horns 2, retaliatory headbutt
a: no special abilities


You were on level 4 of the Dungeon.
You visited 1 branch of the dungeon, and saw 4 of its levels.

You collected 195 gold pieces.

Inventory:

Hand Weapons
 a - a +0 hand axe
 j - a +0 morningstar (weapon)
 k - a +0 hunting sling
Missiles
 d - 75 stones (quivered)
 f - 18 bolts
 i - 39 arrows
 n - 2 boomerangs
Armour
 b - a +0 robe
 g - a +0 leather armour (worn)
Magical Staves
 h - a staff of air
Scrolls
 m - a scroll of identify {unknown}
Potions
 c - 3 potions of heal wounds {unknown}
 e - a potion of magic {unknown}
 l - a potion of lignification {unknown}


   Skills:
 + Level 4.9 Fighting
 + Level 5.1(5.3) Axes
 + Level 2.1(3.9) Maces & Flails
 + Level 1.3 Slings
 + Level 2.2 Armour
 + Level 4.0 Dodging
 + Level 2.1 Stealth


You had 4 spell levels left.
You didn't know any spells.
Your spell library was empty.

Dungeon Overview and Level Annotations

Branches:
Dungeon (4/15)
 Temple: D:4-7

Altars:
Fedhas
Okawaru
Sif Muna
Vehumet
Wu Jian
Xom

Shops:
D:4 !

Portals:
Abyss: D:4

Annotations:
D:4 2 transporters, TheGhostDragon953's ghost, amateur GnTm


Innate Abilities, Weirdness & Mutations

You have a pair of horns on your head.
You reflexively headbutt those who attack you in melee.


Message History

The kobold brigand shouts!
There is a transporter landing site here.
Found a transporter.
Found a short sword.
There is a transporter here.
Found a stone staircase leading down.
An orc comes into view.
It is wielding a +1 flail of protection.
An orc comes into view. It is wielding a +0 hand axe.
An orc comes into view. It is wielding a +0 dagger.
The orc shouts!
An orc priest comes into view.
It is wielding a +0 short sword and carrying a wand of acid (13).
The orc priest looks satisfied for a moment.
The orc shouts!
The orc priest zaps a wand.
The bolt of acid hits the orc!!
The acid corrodes the orc!
The orc dies!
The bolt of acid hits you! The acid corrodes you!
Things that are here:
a +0 hand axe; a +0 leather armour; an orc corpse The orc shouts!
You sock the orc!
You kill the orc!
The orc priest looks encouraged for a moment.
You hit the orc.
The orc is lightly wounded.
You puncture the orc!
You kill the orc!
The orc priest barely misses you.
You closely miss the orc priest. Your headbutt misses the orc priest.
The orc priest hits you with a +0 short sword.
You closely miss the orc priest.
The orc priest zaps a wand.
The bolt of acid hits you!!
Ouch! That really hurt!
* * * LOW HITPOINT WARNING * * *
The orc priest completely misses you.
You hit the orc priest but do no damage.
You headbutt the orc priest, but do no damage.
The orc priest zaps a wand.
The bolt of acid hits you!!
Ouch! That really hurt!
You die...

.## ...... ..# ..... #.#
##..... > #.# #.. ..# ..
#.###.# #.####.#
#.#######..##.###......#
#.....................#
#.....o@..............##
#......).###..###.....#.
#...###.##.####.##......
##. ###..# .#.#.....#
.### (#©#©....# ...
#...##....# .#.#
###.#∩##..##
##....##.##.^##...#
#..K#..##W##.....


You could see an orc priest.

Vanquished Creatures
  A gnoll shaman (D:2)
  Jessica (D:3)
  3 gnolls
  8 adders
  An ufetubus (D:4)
  2 worms
  3 dart slugs
  4 orcs
  4 ball pythons
  4 endoplasms
  4 giant cockroaches
  5 goblins
  15 hobgoblins
  4 jackals (D:1)
  3 quokkas
  6 bats
  A frilled lizard (D:2)
  2 kobolds (D:1)
  14 rats
85 creatures vanquished.

Vanquished Creatures (others)
  An orc (D:4)
  7 plants
8 creatures vanquished.

Grand Total: 93 creatures vanquished

Notes
Turn   | Place    | Note
-------+----------+-------------------------------------------
     0 | D:1      | issech the Minotaur Monk began the quest for the Orb.
     0 | D:1      | Reached XP level 1. HP: 19/19 MP: 0/0
   280 | D:1      | Reached XP level 2. HP: 27/27 MP: 1/1
   388 | D:1      | Reached skill level 4 in Axes
   675 | D:1      | Reached XP level 3. HP: 33/33 MP: 2/2
  1420 | D:2      | Reached XP level 4. HP: 35/41 MP: 3/3
  1747 | D:2      | Reached skill level 5 in Axes
  1907 | D:3      | Found a radiant altar of Vehumet.
  2156 | D:2      | Reached skill level 1 in Armour
  2156 | D:2      | Reached XP level 5. HP: 20/47 MP: 4/4
  2644 | D:3      | Reached skill level 1 in Slings
  2691 | D:3      | Found a shimmering altar of Xom.
  2747 | D:3      | Found an iron altar of Okawaru.
  2894 | D:3      | Reached skill level 1 in Maces & Flails
  2899 | D:3      | Found a shimmering blue altar of Sif Muna.
  2961 | D:3      | Found a blossoming altar of Fedhas.
  2963 | D:3      | Noticed Jessica
  2984 | D:3      | Killed Jessica
  3030 | D:3      | Found an ornate altar of the Wu Jian Council.
  3274 | D:3      | Found a faded altar of an unknown god.
  3622 | D:4      | Found Weni's Distillery.
  3686 | D:4      | Found a transporter.
  3688 | D:4      | Found a one-way gate to the infinite horrors of the Abyss.
  3688 | D:4      | Noticed TheGhostDragon953's ghost (amateur GnTm)
  3699 | D:4      | Found a transporter.
  3722 | D:4      | HP: 1/47 [orc priest/bolt of acid (26)]
  3723 | D:4      | Killed from afar by an orc priest

Illustrated notes

Levels and vault maps discovered:
D:1:      giann_bridges, layout_basic
D:2:      layout_rooms, serial_bayou_ford_a, minmay_rat_gold_closets
D:3:      layout_basic, nzn_wu_jian_council_hall,
          nicolae_overflow_crystal_walls, mainiacjoe_overflow_catch_the_wave,
          mainiacjoe_overflow_paths, nicolae_overflow_hidden_temple,
          ebering_ecumenical_altar_webs, uniq_jessica
D:4:      layout_rooms, serial_shops, shop, gammafunk_ghost_abyssal_escape

Skill      XL: |  1  2  3  4  5 |
---------------+----------------+-----
Axes           | 4 5 |  5.1
Fighting       | 4 |  4.9
Stealth        | 2 |  2.1
Armour         | 1 2 |  2.2
Dodging        | 4 |  4.0
Slings         | 1 |  1.3
Maces & Flails | 2 |  2.1

Action                   |  1- 3 |  4- 6 || total
-------------------------+-------+-------++-------
Melee: Hand axe          |    88 |    11 ||    99
       Headbutt          |     6 |    17 ||    23
       Morningstar       |       |    88 ||    88
       Punch             |       |     2 ||     2
 Fire: Hunting sling     |       |    11 ||    11
Throw: Stone             |       |     2 ||     2
 Stab: Sleeping          |     2 |     2 ||     4
       Distracted        |       |     1 ||     1
Armor: Robe              |    19 |       ||    19
       Leather armour    |     1 |    25 ||    26
Dodge: Dodged            |    65 |    65 ||   130
